 Dungeon Crawl Stone Soup version 0.27.1-3-gb3d3a73c9e (webtiles) character file.

Game seed: 13839111380936884125

256 Urokeeper the Cutter (level 5, 0/38 HPs)
             Began as a Vampire Gladiator on Oct 7, 2021.
             Succumbed to a kobold brigand's curare-tipped dart
             ... on level 7 of the Dungeon.
             The game lasted 00:08:22 (2951 turns).

Urokeeper the Cutter (Vampire Gladiator)            Turns: 2951, Time: 00:08:23

Health: 0/38       AC:  9    Str: 13    XL:     5   Next: 92%
Magic:  5/5        EV: 12    Int: 11    God:
Gold:   118        SH:  0    Dex: 16    Spells: 4/4 levels left

rFire    . . .     SeeInvis +   p - +1 dagger (venom)
rCold    . . .     Faith    .   (no shield)
rNeg     . . .     Spirit   .   b - +0 leather armour
rPois    .         Reflect  .   c - +0 helmet
rElec    .         Harm     .   (no cloak)
rCorr    .         Rampage  .   (no gloves)
Will     .....                  r - +0 pair of boots
Stlth    +++.......             s - amulet of magic regeneration
HPRegen  0.32/turn              l - +4 ring of protection
MPRegen  0.34/turn              (no ring)

@: lethally poisoned (0 -> -3), healing quickly, slowed, very slow
A: alive, fangs 3, see invisible, vampiric 2
a: Exsanguinate


You were on level 7 of the Dungeon.
You visited 1 branch of the dungeon, and saw 7 of its levels.

You collected 118 gold pieces.

Inventory:

Hand Weapons
 a - a +0 rapier
 p - a +1 dagger of venom (weapon)
Missiles
 d - 2 throwing nets (quivered)
 m - 7 javelins
Armour
 b - a +0 leather armour (worn)
 c - a +0 helmet (worn)
 r - a +0 pair of boots (worn)
Jewellery
 l - a +4 ring of protection (left hand)
 s - an amulet of magic regeneration (around neck)
Scrolls
 e - a scroll of identify {unknown}
 f - a scroll of silence {unknown}
 i - a scroll of fog {unknown}
 j - a scroll of teleportation
 k - a scroll of brand weapon {unknown}
 n - a scroll of holy word {unknown}
 o - a scroll of noise {unknown}
Potions
 g - 3 potions of curing
 h - a potion of berserk rage {unknown}
 q - 2 potions of attraction
 t - a potion of invisibility {unknown}
 u - a potion of degeneration {unknown}
 v - a potion of haste {unknown}


   Skills:
 - Level 1.7 Fighting
 - Level 6.2 Short Blades
 - Level 1.5 Throwing
 - Level 3.2 Dodging
 + Level 5.3 Stealth


You had 4 spell levels left.
You didn't know any spells.
Your spell library contained the following spells:

 Spells                   Type           Power      Damage    Failure   Level
 Sting                    Tmut/Pois      0%         1d3       41%         1
 Passwall                 Tmut/Erth      0%         N/A       56%         2
 Poisonous Vapours        Pois/Air       0%         N/A       56%         2
 Gell's Gravitas          Tloc           0%         N/A       80%         3
 Swiftness                Air            0%         N/A       80%         3
 Teleport Other           Tloc           0%         N/A       80%         3
 Olgreb's Toxic Radiance  Pois           0%         N/A       99%         4
 Dispersal                Tloc           0%         N/A       100%        6
 Invisibility             Hex            0%         N/A       100%        6
 Disjunction              Tloc           0%         N/A       100%        8


Dungeon Overview and Level Annotations

Branches:
Dungeon (7/15)
 Temple: D:4-7

Altars:
Elyvilon
Qazlal

Shops:
D:1 !   D:2 *   D:3 (


Innate Abilities, Weirdness & Mutations

Your natural rate of healing is accelerated.
You have razor-sharp teeth.
You have supernaturally acute eyesight. (SInv)
You are afflicted with vampirism and can become a bat while bloodless.


Message History

You hit the kobold but do no damage.
The kobold is poisoned.
A wight comes into view. It is wielding a +1 morningstar.
You completely miss the kobold. The kobold barely misses you.
You hit the kobold.
The kobold looks as sick as possible!
The kobold is severely wounded.
You kill the kobold!
A wight comes into view. It is wielding a +2 great sword.
Items here: ( ))).
You hit the kobold brigand but do no damage.
The kobold brigand is poisoned.
You closely miss the kobold brigand.
The kobold brigand is lightly wounded.
The kobold brigand hits you with a +0 club.
The kobold completely misses you. The kobold barely misses you.
The kobold brigand misses you.
The kobold brigand throws a curare-tipped dart.
The curare-tipped dart hits you.
You are poisoned.
You have difficulty breathing.
You feel yourself slow down.
You feel very sick.
You feel sick.
The kobold brigand looks more healthy.
The kobold throws a stone.
The stone barely misses you.
The kobold brigand throws a curare-tipped dart.
The curare-tipped dart hits you.
You are more poisoned.
You have difficulty breathing.
You feel as though you will be slow longer.
* * * LOW HITPOINT WARNING * * *
You feel very sick. The kobold brigand closely misses you.
* * * LOW HITPOINT WARNING * * *
You feel very sick. The kobold misses you.
* * * LOW HITPOINT WARNING * * *
You feel very sick. The wight completely misses you.
The wight barely misses you.
* * * LOW HITPOINT WARNING * * *
You feel sick. The wight closely misses you.
You die...

#.#.#.# ###########:#.#.##
.................#
.....##.##......K#
.....#...#.##.##z##
.....z.....#...#KK###
.....#.........z....#.###
.....##...#....#.........#
##......#.....##@.#.#.##.#
##.##.....#......#.# #
..#....#...##...#.#
##...........#...#.#
#.#...#.......#<..#
#.#...#...### ##.##....
......#### ###.#.


You could see a kobold brigand, 2 wights and 2 kobolds.

Vanquished Creatures
  A water moccasin skeleton (D:6)
  An iguana (D:5)
  Natasha (thrice) (D:2)
  4 adders
  An adder skeleton (D:4)
  2 dart slugs (D:2)
  3 orcs
  A bat skeleton (D:2)
  2 giant cockroaches
  6 goblins
  4 hobgoblins
  3 jackals (D:1)
  6 quokkas
  4 ball pythons
  11 bats
  A frilled lizard (D:1)
  9 kobolds
  5 rats
67 creatures vanquished.

Notes
Turn   | Place    | Note
-------+----------+-------------------------------------------
     0 | D:1      | Urokeeper the Vampire Gladiator began the quest for the
                  | Orb.
     0 | D:1      | Reached XP level 1. HP: 16/16 MP: 1/1
   195 | D:1      | Reached XP level 2. HP: 22/22 MP: 2/2
   199 | D:1      | Reached skill level 4 in Short Blades
   237 | D:1      | Found Kujod's Distillery.
   520 | D:1      | Found a faded altar of an unknown god.
  1009 | D:2      | Noticed Natasha
  1018 | D:2      | Noticed a crimson imp
  1021 | D:2      | Killed Natasha
  1022 | D:2      | Reached skill level 5 in Short Blades
  1022 | D:2      | Gained mutation: You are afflicted with vampirism and can
                  | become a bat while bloodless. [Vampire growth]
  1022 | D:2      | Reached XP level 3. HP: 4/27 MP: 3/3
  1023 | D:2      | HP: 1/27 [dart slug (2)]
  1443 | D:2      | Noticed Natasha
  1460 | D:2      | Killed Natasha
  1461 | D:2      | Reached XP level 4. HP: 26/33 MP: 4/4
  1501 | D:2      | Found Haomodun's Assorted Antiques.
  1616 | D:2      | Noticed Natasha
  1626 | D:2      | Killed Natasha
  1627 | D:2      | Reached skill level 6 in Short Blades
  1803 | D:3      | Reached skill level 1 in Stealth
  1803 | D:3      | Reached XP level 5. HP: 15/38 MP: 5/5
  1958 | D:3      | Found a stormy altar of Qazlal.
  2093 | D:3      | Found Ritab's Antique Weapon Shoppe.
  2421 | D:4      | Noticed an ogre
  2570 | D:4      | Noticed an ogre
  2580 | D:5      | Entered Level 5 of the Dungeon
  2681 | D:5      | Noticed a necrophage
  2752 | D:6      | Reached skill level 5 in Stealth
  2803 | D:6      | Noticed an ogre
  2950 | D:7      | HP: 1/38 [poisoned by a kobold brigand (curare-tipped
                  | dart)]
  2951 | D:7      | Succumbed to a kobold brigand's curare-tipped dart

Illustrated notes

Levels and vault maps discovered:
D:1:      dpeg_arrival_three_same_balls, layout_loops_ring,
          shapermc_ecumenical_altar_ellora, serial_shops, shop_statue
D:2:      layout_loops_cross, serial_shops, shop, minmay_distorted, uniq_natasha
D:3:      layout_loops_ring, nicolae_qazlal_general_emergency, serial_shops,
          shop
D:4:      layout_cave_pools, nicolae_ru_sacrificial_ziggurat,
          hangedman_decor_diamond_cutter
D:5:      layout_cave_pools, grunt_decor_one_mirror, uniq_grinder
D:6:      layout_loops_ring, lemuel_tele_altar
D:7:      layout_basic, nicolae_ashenzari_panopticon,
          minmay_temple_entry_offerings, hangedman_decor_clover_reticule,
          uniq_maggie, uniq_joseph

Skill      XL: |  1  2  3  4  5 |
---------------+----------------+-----
Short Blades   | 5 6 |  6.2
Stealth        | 1 5 |  5.3
Fighting       | |  1.7
Throwing       | |  1.5
Dodging        | |  3.2

Action                   |  1- 3 |  4- 6 || total
-------------------------+-------+-------++-------
Melee: Rapier            |   100 |    34 ||   134
       Bite              |    10 |    16 ||    26
       Dagger            |       |    93 ||    93
Throw: Throwing net      |       |     1 ||     1
  Use: Potion            |       |     2 ||     2
       Scroll            |       |     1 ||     1
 Stab: Sleeping          |     1 |     1 ||     2
Armor: Leather armour    |    32 |    32 ||    64
Dodge: Dodged            |    60 |    63 ||   123
